 Dungeon Crawl Stone Soup version 0.16-a0-1243-g6e0463c (webtiles) character file.

414 Nicoed the Firebug (level 6, -2/32 HPs)
             Began as a Deep Elf Fire Elementalist on Oct 13, 2014.
             Was a Follower of Makhleb.
             Slain by a gnoll
             ... wielding a +0 flail
              (14 damage)
             ... on level 4 of the Dungeon.
             The game lasted 00:33:42 (3151 turns).

Nicoed the Firebug (Deep Elf Fire Elementalist)     Turns: 3151, Time: 00:33:43

Health: -2/32      AC:  7    Str:  5    XL:     6   Next: 60%
Magic:  15/20      EV: 15    Int: 22    God:    Makhleb [*.....]
Gold:   151        SH:  0    Dex: 20    Spells: 3 memorised, 4 levels left

rFire  . . .     SeeInvis .     w - +3 hand axe (freeze)
rCold  . . .     Clarity  .     i - +2 robe {MR+}
rNeg   . . .     SustAb   .     (no shield)
rPois  .         Gourm    .     (no helmet)
rElec  .         Spirit   .     t - +0 cloak
rCorr  .         Warding  .     x - +0 pair of gloves
rMut   .         Stasis   .     e - +0 pair of boots
MR     +....                    (no amulet)
Stlth  ++........               f - ring of flight
                                s - +5 ring of dexterity

@: somewhat resistant to hostile enchantments, unstealthy
A: no striking features
a: Renounce Religion, Evoke Flight


You were on level 4 of the Dungeon.
You worshipped Makhleb.
Makhleb was aware of your devotion.
You were not hungry.

You visited 1 branch of the dungeon, and saw 4 of its levels.

You collected 151 gold pieces.

Inventory:

Hand weapons
 l - a +0 longbow
 w - a +3 hand axe of freezing (weapon)
Armour
 a - a +0 large shield
 e - a +0 pair of boots (worn)
 i - a +2 robe of magic resistance (worn)
 t - a +0 cloak (worn)
 x - a +0 pair of gloves (worn)
Jewellery
 f - a ring of flight (right hand)
 s - a +5 ring of dexterity (left hand)
Scrolls
 j - a scroll of teleportation {unknown}
 m - a scroll of magic mapping {unknown}
 p - 2 scrolls of amnesia {unknown}
 v - a scroll of random uselessness {unknown}
 y - a scroll of recharging {unknown}
 z - a scroll of identify
Potions
 c - a potion of cancellation {unknown}
 d - a potion of brilliance
 g - a potion of cure mutation {unknown}
 k - a potion of resistance {unknown}
 o - a potion of agility {unknown}
 q - 2 potions of magic
 u - a potion of invisibility {unknown}
 A - a potion of curing {unknown}
Books
 b - a book of Flames

   Spells                             Type                      Level
   *Flame Tongue                      Conjuration/Fire             1
   Throw Flame                        Conjuration/Fire             2
   *Conjure Flame                     Conjuration/Fire             3
   Inner Flame                        Hexes/Fire                   3
   Sticky Flame                       Conjuration/Fire             4
   *Fireball                          Conjuration/Fire             5
Comestibles
 h - a bread ration
 r - 2 beef jerkies


   Skills:
 + Level 3.7 Dodging
 - Level 2.4 Stealth
 * Level 2.1 Shields
 + Level 4.4 Spellcasting
 * Level 4.2 Conjurations
 + Level 4.4 Fire Magic
 * Level 1.5 Invocations


You had 4 spell levels left.
You knew the following spells:

 Your Spells              Type           Power        Failure   Level  Hunger
a - Flame Tongue          Conj/Fire      ###..        1%          1    None
b - Conjure Flame         Conj/Fire      ###.....     8%          3    ###....
c - Fireball              Conj/Fire      ###.......   63%         5    #####..


Dungeon Overview and Level Annotations

Branches:
Dungeon (4/15)
 Temple: D:4-7

Altars:
Makhleb

Annotations:
D:4 Kashira's ghost, average VSBe


Message History

Press: ? - help, Shift-Dir - straight line, f/p - gnoll
Aim: a gnoll, wielding a spear (heavily wounded, fast)
The flame tongue hits the gnoll.
The gnoll is severely wounded.
The gnoll hits you from afar with a spear.
The gnoll hits you with a flail! The gnoll misses you.
The gnoll shaman calls upon its god to heal the gnoll.
The gnoll is healed somewhat.
The gnoll hits you but does no damage. The gnoll barely misses you.
The gnoll hits you from afar with a spear!
The gnoll barely misses you.
The gnoll shaman calls upon its god to speed up the gnoll.
The gnoll seems to speed up.
The gnoll closely misses you. x2
The gnoll is no longer moving quickly.
The gnoll barely misses you. The gnoll closely misses you.
The gnoll hits you but does no damage. The gnoll hits you with a flail!
You die...

##........##.......## #
#................... ###..
##.#####................... #..#
###................# # #[)#
##...#...........## ## ##[##
##..##...........# .###.)#
#..##...........# ..##..#
##..###..........## ...#..#
#.@...##........... ......#
##.g................ .....##
#..................# ......####
##g.................#
......g..####g......###..........
...................## #..........
........##........## ............
.......#####.....## .............
......## #.....................


You could see 2 gnolls and a hobgoblin.

Vanquished Creatures
  An ogre (D:4)
  A scorpion (D:4)
  An orc wizard (D:3)
  2 worker ants (D:4)
  7 adders
  6 gnolls (D:4)
  A giant mite (D:1)
  2 worms
  2 giant geckos
  7 orcs
  3 ball pythons
  4 hobgoblins
  6 jackals
  7 bats
  A giant cockroach (D:1)
  3 giant newts
  5 goblins
  8 kobolds
  12 rats
79 creatures vanquished.

Notes
Turn   | Place    | Note
--------------------------------------------------------------
     0 | D:1      | Nicoed, the Deep Elf Fire Elementalist, began the quest for the Orb.
     0 | D:1      | Reached XP level 1. HP: 10/10 MP: 5/5
   204 | D:1      | Reached XP level 2. HP: 15/15 MP: 0/8
   664 | D:1      | Reached XP level 3. HP: 19/19 MP: 0/11
   868 | D:2      | Learned a level 3 spell: Conjure Flame
  1190 | D:2      | Reached XP level 4. HP: 24/24 MP: 10/14
  1287 | D:2      | Reached skill level 4 in Fire Magic
  1883 | D:3      | HP: 1/24 [orc wizard/puff of flame (2)]
  1884 | D:3      | Reached skill level 1 in Shields
  1953 | D:3      | Reached XP level 5. HP: 7/28 MP: 12/18
  1960 | D:3      | Learned a level 5 spell: Fireball
  2005 | D:3      | Found a burning altar of Makhleb.
  2005 | D:3      | Noticed an Executioner
  2012 | D:3      | Noticed a smoke demon
  2012 | D:3      | Noticed a ynoxinul
  2014 | D:3      | Became a worshipper of Makhleb the Destroyer
  2691 | D:4      | Noticed an ogre
  2846 | D:4      | Noticed Kashira's ghost (average VSBe)
  2937 | D:4      | Killed an ogre
  2937 | D:4      | Reached skill level 1 in Invocations
  2937 | D:4      | Reached XP level 6. HP: 20/32 MP: 1/20
  3047 | D:4      | Acquired Makhleb's first power
  3151 | D:4      | Slain by a gnoll

Action                   |  1- 3 |  4- 6 || total
-------------------------+-------+-------++-------
Melee: Short sword       |    18 |       ||    18
       Hand axe          |       |    28 ||    28
 Cast: Flame Tongue      |    64 |   109 ||   173
       Conjure Flame     |       |    13 ||    13
  Use: Scroll            |       |     5 ||     5
 Stab: Sleeping          |     1 |       ||     1
  Eat: Bread ration      |       |     2 ||     2
       Fruit             |       |     2 ||     2
       Pizza             |       |     1 ||     1
